 Dungeon Crawl Stone Soup version 0.22-a0-246-gdc04c06 (webtiles) character file.

16 wolfsongas the Magician (level 2, 0/26 HPs)
             Began as a Gnoll Wanderer on Feb 23, 2018.
             Slain by a kobold
             ... wielding a +0 club
              (5 damage)
             ... on level 2 of the Dungeon.
             The game lasted 00:01:45 (1111 turns).

wolfsongas the Magician (Gnoll Wanderer)            Turns: 1111, Time: 00:01:46

Health: 0/26       AC:  3    Str: 14    XL:     2   Next: 58%
Magic:  10/10      EV: 11    Int: 13    God:
Gold:   26         SH:  0    Dex: 15    Spells: 15/15 levels left

rFire    . . .     SeeInvis .   b - +0 short sword
rCold    . . .     Gourm    .   (no shield)
rNeg     . . .     Faith    .   l - +0 leather armour
rPois    .         Spirit   .   (no helmet)
rElec    .         Reflect  .   (no cloak)
rCorr    .         Harm     .   (no gloves)
MR       .....                  (no boots)
Stlth    +.........             p - amulet of inaccuracy (curse)
HPRegen  0.08/turn              o - ring of loudness (curse)
MPRegen  0.12/turn              (no ring)

@: hasted, very quick
A: distributed training, fangs 1, strong nose
a: no special abilities


You were on level 2 of the Dungeon.
You were not hungry.

You visited 1 branch of the dungeon, and saw 2 of its levels.

You collected 26 gold pieces.

Inventory:

Hand Weapons
 b - a +0 short sword (weapon)
 c - a +0 spear
 e - a +0 dagger
 i - a +0 hunting sling
Missiles
 d - 28 stones (quivered)
Armour
 l - a +0 leather armour (worn)
Jewellery
 m - an uncursed amulet of the acrobat {unknown}
 o - a cursed ring of loudness (left hand)
 p - a cursed amulet of inaccuracy (around neck)
Scrolls
 g - a scroll of teleportation
Potions
 k - a potion of cancellation {unknown}
Comestibles
 a - a ration
 f - 4 chunks of flesh


   Skills:
 + Level 4.5 Fighting
 + Level 0.4 Short Blades
 + Level 0.4 Long Blades
 + Level 0.4 Axes
 + Level 0.4 Maces & Flails
 + Level 0.4 Polearms
 + Level 0.4 Staves
 + Level 0.4 Slings
 + Level 0.4 Bows
 + Level 0.4 Crossbows
 + Level 0.4 Throwing
 + Level 0.4 Armour
 + Level 0.4 Dodging
 + Level 4.1 Stealth
 + Level 0.4 Shields
 + Level 0.4 Unarmed Combat
 + Level 7.1 Spellcasting
 + Level 0.2 Conjurations
 + Level 0.2 Hexes
 + Level 0.2 Charms
 + Level 0.2 Summonings
 + Level 3.7 Necromancy
 + Level 0.2 Translocations
 + Level 0.2 Transmutations
 + Level 0.2 Fire Magic
 + Level 0.2 Ice Magic
 + Level 0.2 Air Magic
 + Level 0.2 Earth Magic
 + Level 0.2 Poison Magic
 + Level 0.5 Invocations
 + Level 2.5 Evocations


You had 15 spell levels left.
You didn't know any spells.

Dungeon Overview and Level Annotations

Branches:
Dungeon (2/15)

Altars:


Innate Abilities, Weirdness & Mutations

Your experience applies equally to all skills.
You have very sharp teeth.
Your uncanny sense of smell can sniff out nearby items.


Message History

The worm is severely wounded.
The worm barely misses you. The kobold hits you with a club.
You closely miss the worm.
The worm is heavily wounded.
The kobold closely misses you. The worm misses you.
You hit the worm.
The worm is severely wounded.
The kobold closely misses you.
You closely miss the worm. You bite the worm, but do no damage.
The worm is severely wounded.
The worm bites you! The kobold hits you but does no damage.
You hit the worm.
The worm is severely wounded.
The kobold hits you but does no damage. The worm bites you!
* * * LOW HITPOINT WARNING * * *
You are too injured to fight recklessly!
You are too injured to fight recklessly!
It was a potion of haste.
You feel yourself speed up. The kobold hits you with a club.
You die...

#......#..#...#
.......#......#
..$.<...<÷.# #
.######.#..# .#
.......((#..#
######.......#
#....##..##.##+
#......(.(......
.#......@>..#..).
.......wK...[....
######...........
∆...........#
#.#####.?.?..# ..
######## #. #


You could see a worm and a kobold.

Vanquished Creatures
  A dart slug (D:1)
  A bat (D:2)
  2 goblins (D:1)
  4 hobgoblins
  A quokka (D:1)
  A frilled lizard (D:1)
  3 rats (D:1)
13 creatures vanquished.

Notes
Turn   | Place    | Note
-------+----------+-------------------------------------------
     0 | D:1      | wolfsongas the Gnoll Wanderer began the quest for the Orb.
     0 | D:1      | wolfsongas set off with: a ration, a +0 short sword, a +0 spear, a +0 robe, a +0 dagger
     0 | D:1      | Reached XP level 1. HP: 20/20 MP: 8/8
   527 | D:1      | Reached XP level 2. HP: 24/26 MP: 10/10
  1111 | D:2      | Slain by a kobold

Vault maps used:
D:1:      dpeg_arrival_water_temple_mockup, minmay_misc_feat_four_crosses
D:2:      kennysheep_the_goblin_king, lemuel_round_altar, lemuel_round_altar,
          uniq_jessica, uniq_terence

Action                   || total
-------------------------++-------
Melee: Short sword       ||    66
       Bite              ||     6
  Use: Scroll            ||     4
       Potion            ||     3
 Stab: Sleeping          ||     1
  Eat: Chunk             ||     1
Armor: Robe              ||     1
       Leather armour    ||    25
Dodge: Dodged            ||    52

Table legend:
 A = Spawn XP
 B = Non-spawn XP
 C = Spawn XP percentage of total XP
 D = Spawn monster count
 E = Non-spawn monster count
 F = Spawn count percentage of total count
 G = Total turns spent on level
                    A         B        C        D         E        F      G
               +---------+---------+-------+---------+---------+-------+---------
         Total |       0 |      24 |   0.0 |       0 |      13 |   0.0 |  1111
               +---------+---------+-------+---------+---------+-------+---------
           D:1 |       0 |      20 |   0.0 |       0 |      11 |   0.0 |  1074
           D:2 |       0 |       4 |   0.0 |       0 |       2 |   0.0 |    37
               +---------+---------+-------+---------+---------+-------+---------
